1827 views
Uploaded 2023-04-09 20:59:03
Game version 1.35 (6115)
22:05 long 4on4 ladder game on (8)ChimneyIsles_S2_v1.3
Saved by DKnight
1827 views
Uploaded 2023-04-09 20:59:03
Game version 1.35 (6115)
22:05 long 4on4 ladder game on (8)ChimneyIsles_S2_v1.3


172 units @ 28.2k
/ 5.3k
78 buildings @ 11.2k
/ 4.8k


| Orb of Venom | 1 | 325 |
| Scroll of Town Portal | 3 | 1050 |
| Scroll of Healing | 1 | 250 |
| Boots of Speed | 1 | 250 |
| total: | 6 | 1875g |
| Wisp | 21 | 1260 | / | 0 |
| Archer | 5 | 650 | / | 50 |
| Mountain Giant | 6 | 2100 | / | 600 |
| Dryad | 14 | 2030 | / | 840 |
| Faerie Dragon | 1 | 155 | / | 25 |
| Hippogryph | 9 | 1440 | / | 180 |
| Chimaera | 2 | 660 | / | 140 |
| Forest Troll Berserker | 2 | 490 | / | 60 |
| Blue Drake | 1 | 365 | / | 80 |
| Crypt Fiend | 2 | 430 | / | 80 |
| Frost Wyrm | 1 | 385 | / | 120 |
| total: | 64 | 9965g | / | 2175w |
| Altar of Elders | 1 | 180 | / | 50 |
| Moon Well | 7 | 1260 | / | 280 |
| Ancient of War | 1 | 150 | / | 60 |
| Hunter's Hall | 1 | 210 | / | 100 |
| Ancient of Wonders | 1 | 90 | / | 30 |
| Tree of Life | 1 | 340 | / | 185 |
| Ancient of Lore | 2 | 310 | / | 290 |
| Ancient of Wind | 1 | 150 | / | 140 |
| Chimaera Roost | 2 | 280 | / | 380 |
| Tree of Ages | 1 | 320 | / | 180 |
| Tree of Eternity | 1 | 330 | / | 200 |
| total: | 17 | 2970g | / | 1515w |
| 0:05 | Wisp |
| 0:05 | Wisp |
| 0:05 | Wisp |
| 0:05 | Wisp |
| 0:45 | Altar of Elders |
| 0:47 | Moon Well |
| 0:57 | Ancient of War |
| 1:09 | Wisp |
| 1:09 | Wisp |
| 1:09 | Wisp |
| 1:09 | Wisp |
| 1:32 | Moon Well |
| 1:58 | Wisp |
| 2:03 | Moon Well |
| 2:22 | Wisp |
| 2:25 | Archer |
| 2:25 | Archer |
| 3:03 | Tree of Ages |
| 3:08 | Immolation |
| 3:14 | Archer |
| 3:14 | Archer |
| 3:20 | Hunter's Hall |
| 3:40 | Ancient of Wonders |
| 3:52 | Forest Troll Berserker |
| 4:04 | Evasion |
| 4:16 | Archer |
| 4:27 | Strength of the Wild |
| 4:27 | Reinforced Hides |
| 5:08 | Tree of Life |
| 5:34 | Ancient of Lore |
| 5:39 | Wisp |
| 5:39 | Wisp |
| 5:39 | Wisp |
| 5:39 | Wisp |
| 5:48 | Immolation |
| 6:23 | Ancient of Lore |
| 6:40 | Forest Troll Berserker |
| 7:27 | Improved Strength of the Wild |
| 7:29 | Mountain Giant |
| 7:32 | Wisp |
| 7:32 | Wisp |
| 7:37 | Moon Well |
| 7:52 | Wisp |
| 7:52 | Wisp |
| 7:52 | Wisp |
| 7:52 | Wisp |
| 7:52 | Wisp |
| 8:09 | Abolish Magic |
| 8:12 | Dryad |
| 8:12 | Dryad |
| 8:23 | Boots of Speed |
| 9:13 | Mountain Giant |
| 9:15 | Dryad |
| 9:16 | Dryad |
| 9:17 | Dryad |
| 9:21 | Moon Well |
| 10:13 | Moon Well |
| 10:18 | Tree of Eternity |
| 10:53 | Mountain Giant |
| 11:00 | Moon Well |
| 11:02 | Trueshot Aura |
| 11:03 | Dryad |
| 12:21 | Mountain Giant |
| 12:27 | Ancient of Wind |
| 12:37 | Scroll of Town Portal |
| 12:41 | Orb of Venom |
| 13:16 | Hardened Skin |
| 13:18 | Dryad |
| 13:18 | Dryad |
| 13:18 | Dryad |
| 13:18 | Dryad |
| 13:32 | Faerie Dragon |
| 13:43 | Dryad |
| 14:03 | Hippogryph |
| 14:03 | Hippogryph |
| 14:23 | Dryad |
| 15:24 | Evasion |
| 15:58 | Resistant Skin |
| 15:59 | Dryad |
| 15:59 | Dryad |
| 16:01 | Advanced Strength of the Wild |
| 16:07 | Scroll of Healing |
| 16:11 | Scroll of Town Portal |
| 16:15 | Searing Arrows |
| 17:23 | Scroll of Town Portal |
| 17:42 | Chimaera Roost |
| 17:49 | Chimaera Roost |
| 18:13 | Improved Reinforced Hides |
| 18:22 | Mountain Giant |
| 18:26 | Blue Drake |
| 19:25 | Chimaera |
| 19:27 | Hippogryph |
| 19:27 | Hippogryph |
| 19:27 | Hippogryph |
| 19:28 | Hippogryph |
| 20:03 | Chimaera |
| 20:17 | Mountain Giant |
| 20:28 | Crypt Fiend |
| 20:33 | Crypt Fiend |
| 20:38 | Frost Wyrm |
| 20:44 | Hippogryph |
| 20:46 | Hippogryph |
| 21:17 | Trueshot Aura |
| 21:29 | Hippogryph |
| Right click | 314 |
| Select | 268 |
| Build/train/purchase | 137 |
| Use ability | 6 |
| Remove unit | 4 |
| Item give/drop | 2 |
| Misc. action | 1 |
| Minimap ping | 1 |



| Rod of Necromancy | 1 | 150 |
| total: | 1 | 150g |
| Acolyte | 8 | 600 | / | 0 |
| Ghoul | 6 | 720 | / | 0 |
| Crypt Fiend | 1 | 215 | / | 40 |
| Gargoyle | 6 | 1050 | / | 180 |
| Frost Wyrm | 4 | 1540 | / | 480 |
| Goblin Shredder | 1 | 375 | / | 100 |
| Forest Troll Shadow Priest | 3 | 585 | / | 30 |
| Ogre Mauler | 1 | 300 | / | 0 |
| Mud Golem | 1 | 145 | / | 10 |
| total: | 31 | 5530g | / | 840w |
| Spirit Tower | 8 | 1160 | / | 320 |
| Ziggurat | 8 | 1200 | / | 400 |
| Graveyard | 1 | 215 | / | 0 |
| Crypt | 1 | 200 | / | 50 |
| Altar of Darkness | 1 | 180 | / | 50 |
| Tomb of Relics | 1 | 130 | / | 30 |
| Necropolis | 1 | 225 | / | 0 |
| Boneyard | 2 | 350 | / | 400 |
| Halls of the Dead | 1 | 320 | / | 210 |
| Black Citadel | 1 | 325 | / | 230 |
| total: | 15 | 2500g | / | 930w |
| 0:06 | Acolyte |
| 0:07 | Acolyte |
| 0:16 | Ziggurat |
| 0:25 | Graveyard |
| 0:43 | Crypt |
| 1:02 | Acolyte |
| 1:24 | Altar of Darkness |
| 1:34 | Ziggurat |
| 1:44 | Ziggurat |
| 1:54 | Ghoul |
| 2:07 | Ghoul |
| 2:31 | Ghoul |
| 2:52 | Tomb of Relics |
| 3:04 | Ziggurat |
| 3:06 | Ghoul |
| 3:08 | Ghoul |
| 3:27 | Carrion Beetles |
| 3:47 | Spirit Tower |
| 4:03 | Acolyte |
| 4:07 | Spirit Tower |
| 4:44 | Halls of the Dead |
| 5:21 | Spirit Tower |
| 5:35 | Goblin Shredder |
| 5:45 | Spiked Carapace |
| 6:06 | Rod of Necromancy |
| 6:21 | Spirit Tower |
| 6:26 | Ziggurat |
| 6:28 | Ghoul |
| 6:39 | Forest Troll Shadow Priest |
| 6:55 | Crypt Fiend |
| 8:10 | Spirit Tower |
| 8:27 | Ziggurat |
| 8:34 | Black Citadel |
| 8:38 | Creature Attack |
| 8:48 | Gargoyle |
| 9:22 | Gargoyle |
| 9:25 | Spirit Tower |
| 9:35 | Forest Troll Shadow Priest |
| 9:43 | Death Coil |
| 10:05 | Ogre Mauler |
| 10:50 | Ziggurat |
| 12:31 | Carrion Beetles |
| 12:51 | Unholy Aura |
| 13:20 | Gargoyle |
| 13:20 | Gargoyle |
| 13:28 | Spirit Tower |
| 13:32 | Gargoyle |
| 13:32 | Gargoyle |
| 13:37 | Mud Golem |
| 13:38 | Forest Troll Shadow Priest |
| 13:54 | Necropolis |
| 14:10 | Boneyard |
| 14:23 | Boneyard |
| 15:48 | Frost Wyrm |
| 15:56 | Acolyte |
| 15:56 | Acolyte |
| 15:56 | Acolyte |
| 15:59 | Acolyte |
| 16:04 | Ziggurat |
| 16:07 | Freezing Breath |
| 16:31 | Summon Lava Spawn |
| 17:00 | Frost Wyrm |
| 17:02 | Improved Creature Attack |
| 17:32 | Frost Wyrm |
| 18:00 | Spirit Tower |
| 18:28 | Creature Carapace |
| 18:31 | Advanced Creature Attack |
| 18:39 | Frost Wyrm |
| Right click | 433 |
| Select | 229 |
| Build/train/purchase | 61 |
| Misc. action | 16 |
| Resource trade | 11 |
| Use ability | 7 |



| Rod of Necromancy | 1 | 150 |
| Orb of Corruption | 1 | 375 |
| Potion of Healing | 1 | 150 |
| Scroll of Town Portal | 1 | 350 |
| total: | 4 | 1025g |
| Acolyte | 2 | 150 | / | 0 |
| Ghoul | 8 | 960 | / | 0 |
| Crypt Fiend | 8 | 1720 | / | 320 |
| Obsidian Statue | 6 | 1200 | / | 210 |
| Blue Drake | 1 | 365 | / | 80 |
| Blue Dragon | 4 | 2980 | / | 800 |
| total: | 29 | 7375g | / | 1410w |
| Altar of Darkness | 1 | 180 | / | 50 |
| Ziggurat | 8 | 1200 | / | 400 |
| Crypt | 1 | 200 | / | 50 |
| Tomb of Relics | 2 | 260 | / | 60 |
| Graveyard | 1 | 215 | / | 0 |
| Slaughterhouse | 2 | 280 | / | 270 |
| Halls of the Dead | 2 | 640 | / | 420 |
| Black Citadel | 1 | 325 | / | 230 |
| total: | 15 | 2335g | / | 830w |
| 0:04 | Acolyte |
| 0:04 | Acolyte |
| 0:13 | Altar of Darkness |
| 0:16 | Ziggurat |
| 0:41 | Crypt |
| 1:08 | Tomb of Relics |
| 1:10 | Tomb of Relics |
| 1:27 | Ziggurat |
| 1:41 | Graveyard |
| 1:46 | Ghoul |
| 1:46 | Ghoul |
| 1:46 | Ghoul |
| 1:46 | Ghoul |
| 1:46 | Ghoul |
| 1:46 | Ghoul |
| 2:03 | Ghoul |
| 2:14 | Rod of Necromancy |
| 2:36 | Ghoul |
| 2:42 | Death Coil |
| 3:06 | Halls of the Dead |
| 3:20 | Crypt Fiend |
| 3:36 | Crypt Fiend |
| 3:41 | Crypt Fiend |
| 3:53 | Ziggurat |
| 4:00 | Unholy Aura |
| 4:41 | Crypt Fiend |
| 4:58 | Crypt Fiend |
| 5:17 | Creature Attack |
| 5:38 | Slaughterhouse |
| 5:42 | Slaughterhouse |
| 6:21 | Ziggurat |
| 6:24 | Ziggurat |
| 6:28 | Web |
| 6:33 | Frost Nova |
| 7:09 | Obsidian Statue |
| 7:10 | Black Citadel |
| 7:11 | Burrow |
| 7:44 | Obsidian Statue |
| 8:02 | Creature Carapace |
| 8:04 | Crypt Fiend |
| 8:45 | Blue Drake |
| 8:53 | Death Coil |
| 9:16 | Improved Creature Attack |
| 9:24 | Ziggurat |
| 9:28 | Ziggurat |
| 9:42 | Ziggurat |
| 10:03 | Orb of Corruption |
| 10:23 | Destroyer Form |
| 10:56 | Frost Armor |
| 11:09 | Obsidian Statue |
| 12:57 | Obsidian Statue |
| 13:07 | Scroll of Town Portal |
| 13:07 | Potion of Healing |
| 13:12 | Crypt Fiend |
| 14:14 | Impale |
| 15:25 | Unholy Aura |
| 15:29 | Frost Nova |
| 15:31 | Blue Dragon |
| 15:31 | Blue Dragon |
| 15:34 | Carrion Beetles |
| 16:32 | Blue Dragon |
| 16:32 | Blue Dragon |
| 17:46 | Obsidian Statue |
| 19:24 | Obsidian Statue |
| 19:25 | Crypt Fiend |
| Right click | 993 |
| Select group | 699 |
| Select | 341 |
| Misc. action | 141 |
| Build/train/purchase | 91 |
| Assign group | 64 |
| Use ability | 62 |
| Item give/drop | 2 |
| Remove unit | 1 |


x1)
| Scroll of Regeneration | 3 | 300 |
| Lesser Clarity Potion | 3 | 210 |
| Potion of Healing | 5 | 750 |
| Potion of Mana | 1 | 200 |
| Staff of Sanctuary | 1 | 250 |
| Orb of Fire | 1 | 325 |
| Boots of Speed | 1 | 250 |
| Potion of Lesser Invulnerability | 2 | 300 |
| Tome of Retraining | 1 | 300 |
| total: | 18 | 2885g |
| Peasant | 18 | 1350 | / | 0 |
| Footman | 6 | 810 | / | 0 |
| Mortar Team | 4 | 720 | / | 280 |
| Sorceress | 4 | 620 | / | 80 |
| Flying Machine | 14 | 1400 | / | 420 |
| Spell Breaker | 2 | 430 | / | 60 |
| total: | 48 | 5330g | / | 840w |
| Scout Tower | 6 | 180 | / | 120 |
| Arcane Tower | 9 | 630 | / | 450 |
| Guard Tower | 3 | 210 | / | 150 |
| Altar of Kings | 1 | 180 | / | 50 |
| Farm | 13 | 1040 | / | 260 |
| Barracks | 2 | 320 | / | 120 |
| Lumber Mill | 1 | 120 | / | 0 |
| Town Hall | 2 | 770 | / | 410 |
| Arcane Vault | 2 | 260 | / | 60 |
| Blacksmith | 1 | 140 | / | 60 |
| Workshop | 2 | 280 | / | 280 |
| Arcane Sanctum | 1 | 150 | / | 140 |
| Keep | 1 | 320 | / | 210 |
| Castle | 1 | 360 | / | 210 |
| total: | 31 | 3440g | / | 1500w |
| 0:06 | Peasant |
| 0:06 | Peasant |
| 0:06 | Peasant |
| 0:24 | Altar of Kings |
| 0:37 | Farm |
| 0:47 | Peasant |
| 0:56 | Barracks |
| 0:59 | Peasant |
| 0:59 | Peasant |
| 1:10 | Farm |
| 1:35 | Peasant |
| 1:49 | Scout Tower |
| 1:53 | Farm |
| 1:58 | Peasant |
| 1:58 | Peasant |
| 2:04 | Lumber Mill |
| 2:07 | Footman |
| 2:07 | Footman |
| 2:14 | Arcane Tower |
| 2:20 | Scout Tower |
| 2:28 | Summon Water Elemental |
| 2:54 | Peasant |
| 2:54 | Peasant |
| 2:54 | Peasant |
| 2:55 | Improved Lumber Harvesting |
| 3:38 | Brilliance Aura |
| 3:46 | Town Hall |
| 3:50 | Scout Tower |
| 3:52 | Scout Tower |
| 3:59 | Arcane Vault |
| 4:00 | Arcane Vault |
| 4:01 | Guard Tower |
| 4:17 | Guard Tower |
| 4:18 | Arcane Tower |
| 4:52 | Scroll of Regeneration |
| 4:53 | Lesser Clarity Potion |
| 5:08 | Scout Tower |
| 5:09 | Scout Tower |
| 5:19 | Defend |
| 5:23 | Peasant |
| 5:23 | Peasant |
| 5:42 | Improved Masonry |
| 6:06 | Keep |
| 6:13 | Summon Water Elemental |
| 6:17 | Footman |
| 6:17 | Footman |
| 6:18 | Footman |
| 6:19 | Footman |
| 6:25 | Scroll of Regeneration |
| 6:37 | Arcane Tower |
| 6:49 | Guard Tower |
| 7:27 | Boots of Speed |
| 7:27 | Potion of Lesser Invulnerability |
| 7:27 | Tome of Retraining |
| 7:27 | Retrain Hero |
| 7:42 | Blizzard |
| 7:42 | Blizzard |
| 7:42 | Blizzard |
| 7:43 | Brilliance Aura |
| 7:53 | Blacksmith |
| 7:55 | Farm |
| 8:14 | Scroll of Regeneration |
| 9:08 | Castle |
| 9:12 | Workshop |
| 9:12 | Workshop |
| 9:15 | Arcane Sanctum |
| 9:18 | Farm |
| 9:21 | Advanced Lumber Harvesting |
| 9:21 | Advanced Masonry |
| 9:22 | Black Gunpowder |
| 9:22 | Iron Plating |
| 9:22 | Iron Forged Swords |
| 9:41 | Potion of Lesser Invulnerability |
| 10:08 | Potion of Healing |
| 10:08 | Potion of Mana |
| 10:20 | Storm Bolt |
| 10:23 | Potion of Healing |
| 10:31 | Flak Cannons |
| 10:33 | Mortar Team |
| 10:33 | Mortar Team |
| 10:34 | Sorceress |
| 10:34 | Sorceress |
| 10:34 | Sorceress Adept Training |
| 10:41 | Farm |
| 11:00 | Farm |
| 11:13 | Magic Sentry |
| 11:26 | Flying Machine |
| 11:26 | Flying Machine |
| 11:26 | Flying Machine |
| 11:27 | Flying Machine |
| 11:45 | Brilliance Aura |
| 12:29 | Barrage |
| 12:31 | Flying Machine |
| 12:31 | Flying Machine |
| 12:31 | Flying Machine |
| 12:31 | Flying Machine |
| 12:34 | Sorceress |
| 12:34 | Sorceress |
| 12:37 | Refined Gunpowder |
| 13:24 | Flying Machine |
| 13:25 | Flying Machine |
| 13:25 | Flying Machine |
| 13:25 | Flying Machine |
| 13:25 | Flying Machine |
| 13:25 | Flying Machine |
| 14:10 | Farm |
| 14:13 | Farm |
| 14:17 | Farm |
| 14:18 | Farm |
| 14:29 | Lesser Clarity Potion |
| 14:29 | Potion of Healing |
| 14:31 | Staff of Sanctuary |
| 14:31 | Potion of Healing |
| 14:32 | Orb of Fire |
| 14:58 | Farm |
| 14:59 | Farm |
| 16:11 | Peasant |
| 16:12 | Peasant |
| 16:12 | Peasant |
| 16:12 | Peasant |
| 16:19 | Fragmentation Shards |
| 16:21 | Sorceress Master Training |
| 16:27 | Town Hall |
| 17:06 | Barracks |
| 17:09 | Potion of Healing |
| 17:11 | Lesser Clarity Potion |
| 17:14 | Bash |
| 17:40 | Mortar Team |
| 17:40 | Mortar Team |
| 18:14 | Spell Breaker |
| 18:14 | Spell Breaker |
| 18:31 | Imbued Gunpowder |
| 18:32 | Imbued Masonry |
| 19:21 | Blizzard |
| Right click | 876 |
| Select group | 421 |
| Select | 320 |
| Build/train/purchase | 155 |
| Misc. action | 81 |
| Use ability | 29 |
| Minimap ping | 28 |
| Assign group | 13 |
| Item give/drop | 5 |
| Esc | 1 |
129 units @ 21k
/ 3k
79 buildings @ 9.8k
/ 4k


| Peasant | 16 | 1200 | / | 0 |
| Footman | 3 | 405 | / | 0 |
| Rifleman | 4 | 820 | / | 120 |
| Siege Engine | 6 | 1170 | / | 360 |
| Mortar Team | 2 | 360 | / | 140 |
| Knight | 5 | 1225 | / | 300 |
| Sorceress | 2 | 310 | / | 40 |
| total: | 38 | 5490g | / | 960w |
| Scout Tower | 2 | 60 | / | 40 |
| Guard Tower | 1 | 70 | / | 50 |
| Altar of Kings | 1 | 180 | / | 50 |
| Farm | 12 | 960 | / | 240 |
| Barracks | 1 | 160 | / | 60 |
| Blacksmith | 1 | 140 | / | 60 |
| Lumber Mill | 1 | 120 | / | 0 |
| Town Hall | 2 | 770 | / | 410 |
| Workshop | 3 | 420 | / | 420 |
| Arcane Sanctum | 1 | 150 | / | 140 |
| Keep | 1 | 320 | / | 210 |
| Castle | 1 | 360 | / | 210 |
| total: | 24 | 2960g | / | 1420w |
| 0:03 | Peasant |
| 0:03 | Peasant |
| 0:08 | Altar of Kings |
| 0:12 | Farm |
| 0:21 | Peasant |
| 0:33 | Peasant |
| 0:48 | Peasant |
| 0:57 | Barracks |
| 1:20 | Farm |
| 1:37 | Peasant |
| 1:37 | Peasant |
| 1:59 | Footman |
| 2:06 | Blacksmith |
| 2:13 | Flame Strike |
| 2:29 | Footman |
| 2:53 | Footman |
| 3:01 | Farm |
| 3:24 | Lumber Mill |
| 3:25 | Keep |
| 4:13 | Rifleman |
| 4:16 | Siphon Mana |
| 4:19 | Farm |
| 4:30 | Town Hall |
| 4:37 | Town Hall |
| 4:52 | Rifleman |
| 5:19 | Improved Lumber Harvesting |
| 5:52 | Rifleman |
| 6:11 | Scout Tower |
| 6:18 | Scout Tower |
| 6:40 | Rifleman |
| 6:42 | Castle |
| 6:48 | Holy Light |
| 7:26 | Advanced Lumber Harvesting |
| 7:43 | Peasant |
| 7:44 | Peasant |
| 7:44 | Peasant |
| 7:44 | Peasant |
| 7:52 | Workshop |
| 7:55 | Workshop |
| 8:43 | Flame Strike |
| 9:12 | Divine Shield |
| 9:25 | Barrage |
| 9:25 | Siege Engine |
| 9:30 | Peasant |
| 9:40 | Guard Tower |
| 9:42 | Peasant |
| 9:42 | Peasant |
| 10:01 | Siege Engine |
| 10:17 | Farm |
| 10:30 | Farm |
| 10:32 | Farm |
| 10:53 | Siege Engine |
| 10:56 | Farm |
| 11:00 | Siege Engine |
| 11:10 | Black Gunpowder |
| 12:53 | Siphon Mana |
| 13:00 | Siege Engine |
| 13:10 | Refined Gunpowder |
| 13:11 | Iron Plating |
| 13:19 | Workshop |
| 14:00 | Fragmentation Shards |
| 14:00 | Mortar Team |
| 15:43 | Mortar Team |
| 15:49 | Steel Plating |
| 15:49 | Imbued Gunpowder |
| 15:50 | Knight |
| 15:51 | Knight |
| 15:51 | Knight |
| 16:11 | Arcane Sanctum |
| 16:13 | Peasant |
| 16:13 | Peasant |
| 16:41 | Farm |
| 16:42 | Farm |
| 16:48 | Studded Leather Armor |
| 17:45 | Holy Light |
| 18:00 | Farm |
| 18:02 | Farm |
| 18:07 | Sorceress Adept Training |
| 19:15 | Flame Strike |
| 19:44 | Devotion Aura |
| 19:47 | Siege Engine |
| 19:48 | Knight |
| 19:49 | Knight |
| 19:49 | Animal War Training |
| 20:30 | Mithril Plating |
| 20:31 | Reinforced Leather Armor |
| 20:34 | Sorceress Master Training |
| 20:35 | Sorceress |
| 20:35 | Sorceress |
| Right click | 351 |
| Select | 256 |
| Select group | 80 |
| Build/train/purchase | 76 |
| Assign group | 43 |
| Use ability | 27 |
| Resource trade | 12 |
| Chat | 7 |
| Remove unit | 1 |
| Minimap ping | 1 |



| Rod of Necromancy | 2 | 300 |
| Orb of Corruption | 1 | 375 |
| Scroll of Healing | 2 | 500 |
| Scroll of Town Portal | 1 | 350 |
| Potion of Lesser Invulnerability | 1 | 150 |
| total: | 7 | 1675g |
| Acolyte | 3 | 225 | / | 0 |
| Ghoul | 2 | 240 | / | 0 |
| Crypt Fiend | 12 | 2580 | / | 480 |
| Obsidian Statue | 6 | 1200 | / | 210 |
| Abomination | 1 | 240 | / | 70 |
| total: | 24 | 4485g | / | 760w |
| Crypt | 1 | 200 | / | 50 |
| Graveyard | 1 | 215 | / | 0 |
| Altar of Darkness | 1 | 180 | / | 50 |
| Ziggurat | 5 | 750 | / | 250 |
| Tomb of Relics | 1 | 130 | / | 30 |
| Slaughterhouse | 1 | 140 | / | 135 |
| Halls of the Dead | 1 | 320 | / | 210 |
| Black Citadel | 1 | 325 | / | 230 |
| total: | 10 | 1615g | / | 515w |
| 0:02 | Acolyte |
| 0:02 | Acolyte |
| 0:06 | Crypt |
| 0:18 | Graveyard |
| 0:46 | Altar of Darkness |
| 0:55 | Ziggurat |
| 1:08 | Ghoul |
| 1:25 | Tomb of Relics |
| 1:49 | Ghoul |
| 1:59 | Ziggurat |
| 2:11 | Crypt Fiend |
| 2:45 | Rod of Necromancy |
| 2:46 | Death Coil |
| 2:59 | Halls of the Dead |
| 3:19 | Crypt Fiend |
| 3:48 | Crypt Fiend |
| 4:00 | Ziggurat |
| 4:11 | Unholy Aura |
| 4:18 | Crypt Fiend |
| 4:23 | Rod of Necromancy |
| 5:05 | Crypt Fiend |
| 5:45 | Slaughterhouse |
| 5:54 | Death Coil |
| 6:19 | Frost Nova |
| 6:22 | Black Citadel |
| 7:33 | Obsidian Statue |
| 7:36 | Ziggurat |
| 8:08 | Burrow |
| 8:20 | Ziggurat |
| 8:30 | Obsidian Statue |
| 8:33 | Creature Attack |
| 9:13 | Web |
| 9:14 | Obsidian Statue |
| 10:03 | Destroyer Form |
| 10:05 | Crypt Fiend |
| 10:24 | Creature Carapace |
| 10:51 | Dark Ritual |
| 10:55 | Scroll of Healing |
| 10:55 | Potion of Lesser Invulnerability |
| 11:46 | Crypt Fiend |
| 11:50 | Death Pact |
| 11:59 | Crypt Fiend |
| 12:10 | Crypt Fiend |
| 12:11 | Abomination |
| 13:17 | Obsidian Statue |
| 14:10 | Frost Nova |
| 14:25 | Howl of Terror |
| 15:20 | Crypt Fiend |
| 15:36 | Obsidian Statue |
| 15:42 | Death Coil |
| 15:58 | Scroll of Town Portal |
| 15:59 | Orb of Corruption |
| 16:03 | Scroll of Healing |
| 16:04 | Crypt Fiend |
| 16:06 | Obsidian Statue |
| 16:08 | Acolyte |
| 17:43 | Crypt Fiend |
| 18:14 | Improved Creature Attack |
| 18:14 | Improved Creature Carapace |
| 18:59 | Dark Ritual |
| 19:13 | Cleaving Attack |
| 19:55 | Cleaving Attack |
| 20:26 | Unholy Aura |
| 20:41 | Advanced Creature Attack |
| 21:51 | Frost Nova |
| Right click | 1530 |
| Select group | 1198 |
| Select | 408 |
| Build/train/purchase | 115 |
| Misc. action | 101 |
| Use ability | 56 |
| Assign group | 40 |
| Item give/drop | 5 |
| Minimap ping | 4 |


| Peon | 9 | 675 | / | 0 |
| Grunt | 2 | 400 | / | 0 |
| Wind Rider | 17 | 4505 | / | 680 |
| total: | 28 | 5580g | / | 680w |
| Altar of Storms | 1 | 180 | / | 50 |
| Orc Burrow | 7 | 1120 | / | 280 |
| Barracks | 1 | 180 | / | 50 |
| War Mill | 1 | 205 | / | 0 |
| Voodoo Lounge | 1 | 130 | / | 30 |
| Beastiary | 2 | 290 | / | 280 |
| Stronghold | 1 | 315 | / | 190 |
| Fortress | 1 | 325 | / | 190 |
| total: | 13 | 2105g | / | 690w |
| 0:04 | Peon |
| 0:04 | Peon |
| 0:12 | Altar of Storms |
| 0:20 | Orc Burrow |
| 0:32 | Peon |
| 0:40 | Barracks |
| 1:05 | Peon |
| 1:05 | Peon |
| 1:05 | Peon |
| 1:22 | Peon |
| 1:40 | War Mill |
| 1:50 | Peon |
| 1:52 | Peon |
| 2:29 | Orc Burrow |
| 2:31 | Feral Spirit |
| 2:46 | Stronghold |
| 3:27 | Grunt |
| 4:01 | Grunt |
| 4:11 | Orc Burrow |
| 4:46 | Chain Lighting |
| 5:14 | Beastiary |
| 5:21 | Beastiary |
| 5:24 | Steel Ranged Weapons |
| 5:24 | Steel Armor |
| 5:49 | Orc Burrow |
| 5:56 | Fortress |
| 6:06 | Healing Wave |
| 6:32 | Wind Rider |
| 6:50 | Wind Rider |
| 7:14 | Wind Rider |
| 7:37 | Thorium Ranged Weapons |
| 8:16 | Wind Rider |
| 8:18 | Envenomed Spears |
| 8:23 | Feral Spirit |
| 8:55 | Thorium Armor |
| 8:57 | Wind Rider |
| 9:03 | Orc Burrow |
| 9:14 | Serpent Ward |
| 9:32 | Wind Rider |
| 10:14 | Arcanite Ranged Weapons |
| 10:43 | Wind Rider |
| 12:34 | Healing Wave |
| 12:45 | Chain Lighting |
| 12:58 | Wind Rider |
| 13:01 | Arcanite Armor |
| 13:46 | Wind Rider |
| 13:51 | Orc Burrow |
| 14:30 | Wind Rider |
| 15:46 | Wind Rider |
| 16:23 | Wind Rider |
| 16:41 | Orc Burrow |
| 16:46 | Voodoo Lounge |
| 17:00 | Wind Rider |
| 17:50 | Wind Rider |
| 18:58 | Serpent Ward |
| 19:09 | Feral Spirit |
| 19:37 | Wind Rider |
| 20:15 | Wind Rider |
| 20:53 | Wind Rider |
| 21:55 | Healing Wave |
| Right click | 325 |
| Select | 208 |
| Select group | 79 |
| Build/train/purchase | 59 |
| Chat | 47 |
| Use ability | 31 |
| Assign group | 9 |
| Minimap ping | 2 |
| Remove unit | 1 |



| Scroll of Regeneration | 7 | 700 |
| Lesser Clarity Potion | 4 | 280 |
| Potion of Healing | 1 | 150 |
| Scroll of Town Portal | 2 | 700 |
| Boots of Speed | 1 | 250 |
| total: | 15 | 2080g |
| Peasant | 18 | 1350 | / | 0 |
| Footman | 11 | 1485 | / | 0 |
| Knight | 5 | 1225 | / | 300 |
| Gryphon Rider | 3 | 840 | / | 210 |
| Dragonhawk Rider | 1 | 200 | / | 30 |
| Goblin Shredder | 1 | 375 | / | 100 |
| total: | 39 | 5475g | / | 640w |
| Scout Tower | 6 | 180 | / | 120 |
| Arcane Tower | 2 | 140 | / | 100 |
| Guard Tower | 1 | 70 | / | 50 |
| Altar of Kings | 1 | 180 | / | 50 |
| Barracks | 2 | 320 | / | 120 |
| Farm | 16 | 1280 | / | 320 |
| Lumber Mill | 1 | 120 | / | 0 |
| Arcane Vault | 1 | 130 | / | 30 |
| Town Hall | 1 | 385 | / | 205 |
| Blacksmith | 1 | 140 | / | 60 |
| Gryphon Aviary | 3 | 420 | / | 450 |
| Keep | 1 | 320 | / | 210 |
| Castle | 1 | 360 | / | 210 |
| total: | 32 | 3155g | / | 1355w |
| 0:02 | Peasant |
| 0:02 | Peasant |
| 0:10 | Altar of Kings |
| 0:16 | Barracks |
| 0:20 | Farm |
| 0:32 | Peasant |
| 0:43 | Peasant |
| 0:54 | Farm |
| 1:00 | Peasant |
| 1:18 | Footman |
| 1:22 | Peasant |
| 1:33 | Scout Tower |
| 1:36 | Footman |
| 1:48 | Peasant |
| 1:56 | Farm |
| 2:09 | Defend |
| 2:13 | Summon Water Elemental |
| 2:22 | Arcane Tower |
| 2:23 | Peasant |
| 2:38 | Lumber Mill |
| 3:00 | Footman |
| 3:02 | Peasant |
| 3:18 | Footman |
| 3:21 | Farm |
| 3:27 | Arcane Vault |
| 3:45 | Footman |
| 3:46 | Peasant |
| 3:54 | Brilliance Aura |
| 4:26 | Footman |
| 4:27 | Peasant |
| 4:46 | Town Hall |
| 4:48 | Scout Tower |
| 4:49 | Scout Tower |
| 4:51 | Scout Tower |
| 4:52 | Scout Tower |
| 4:56 | Scout Tower |
| 5:05 | Scroll of Regeneration |
| 5:05 | Scroll of Regeneration |
| 5:07 | Lesser Clarity Potion |
| 5:15 | Peasant |
| 6:04 | Summon Water Elemental |
| 6:15 | Arcane Tower |
| 6:16 | Guard Tower |
| 6:34 | Keep |
| 6:39 | Peasant |
| 6:40 | Peasant |
| 6:49 | Blacksmith |
| 6:54 | Scroll of Regeneration |
| 6:54 | Lesser Clarity Potion |
| 7:06 | Improved Masonry |
| 7:21 | Footman |
| 7:24 | Barracks |
| 7:56 | Footman |
| 7:56 | Footman |
| 7:58 | Improved Lumber Harvesting |
| 8:10 | Iron Plating |
| 8:10 | Iron Forged Swords |
| 8:13 | Farm |
| 8:14 | Farm |
| 8:14 | Farm |
| 8:58 | Footman |
| 9:09 | Farm |
| 9:11 | Castle |
| 9:12 | Advanced Lumber Harvesting |
| 9:16 | Peasant |
| 9:17 | Peasant |
| 9:17 | Peasant |
| 9:17 | Peasant |
| 9:35 | Footman |
| 9:47 | Scroll of Town Portal |
| 9:49 | Potion of Healing |
| 9:49 | Scroll of Regeneration |
| 9:52 | Scroll of Regeneration |
| 9:53 | Lesser Clarity Potion |
| 10:02 | Goblin Shredder |
| 10:20 | Gryphon Aviary |
| 10:57 | Boots of Speed |
| 11:13 | Steel Plating |
| 11:53 | Bash |
| 11:58 | Brilliance Aura |
| 12:11 | Knight |
| 12:15 | Gryphon Aviary |
| 12:18 | Gryphon Aviary |
| 12:49 | Farm |
| 12:51 | Gryphon Rider |
| 12:58 | Animal War Training |
| 13:01 | Knight |
| 13:03 | Steel Forged Swords |
| 13:29 | Advanced Masonry |
| 13:30 | Farm |
| 13:31 | Farm |
| 13:32 | Farm |
| 13:32 | Farm |
| 13:33 | Farm |
| 13:33 | Farm |
| 13:33 | Farm |
| 13:41 | Storm Hammers |
| 13:42 | Cloud |
| 14:22 | Soul Burn |
| 14:47 | Studded Leather Armor |
| 15:17 | Storm Bolt |
| 15:46 | Knight |
| 15:47 | Gryphon Rider |
| 15:52 | Reinforced Leather Armor |
| 15:54 | Scroll of Town Portal |
| 15:54 | Scroll of Regeneration |
| 15:55 | Lesser Clarity Potion |
| 16:04 | Scroll of Regeneration |
| 16:16 | Knight |
| 16:44 | Mithril Forged Swords |
| 17:40 | Summon Water Elemental |
| 17:46 | Knight |
| 18:03 | Summon Lava Spawn |
| 18:12 | Dragonhide Armor |
| 18:14 | Dragonhawk Rider |
| 19:02 | Storm Bolt |
| 19:53 | Gryphon Rider |
| 21:19 | Mithril Plating |
| Select group | 637 |
| Right click | 435 |
| Select | 310 |
| Build/train/purchase | 161 |
| Assign group | 53 |
| Use ability | 22 |
| Item give/drop | 4 |
| Misc. action | 3 |
⇛